 Dungeon Crawl Stone Soup version 0.31-a0-18-gea43df2 (webtiles) character file.

Game seed: 15164792330667587707

15 hello1 the Trooper (level 2, -2/27 HPs)
             Began as a Hill Orc Fighter on May 9, 2023.
             Frozen to death by an endoplasm (4 damage)
             ... on level 2 of the Dungeon.
             The game lasted 00:02:04 (231 turns).

hello1 the Trooper (Hill Orc Fighter)                Turns: 231, Time: 00:02:05

Health: -2/27      AC:  6    Str: 18    XL:     2   Next: 50%
Magic:  2/2        EV:  9    Int:  8    God:
Gold:   25         SH:  4    Dex: 10    Spells: 1/1 levels left

rFire   . . .        a - +0 rapier
rCold   . . .        c - +0 buckler
rNeg    . . .        b - +0 scale mail
rPois   .            (no helmet)
rElec   .            (no cloak)
rCorr   .            (no gloves)
SInv    .            (no boots)
Will    .....        (no amulet) Stlth
                     (no ring)
HPRegen 0.24/turn    (no ring)
MPRegen 0.08/turn

%: no passive effects
@: no status effects
A: no striking features
a: no special abilities


You were on level 2 of the Dungeon.
You visited 1 branch of the dungeon, and saw 2 of its levels.

You collected 25 gold pieces.

Inventory:

Hand Weapons
 a - a +0 rapier (weapon)
 e - a +0 sling
 f - a +0 dagger
 i - a +0 short sword
Armour
 b - a +0 scale mail (worn)
 c - a +0 buckler (worn)
 g - a +0 ring mail
Potions
 d - a potion of might


   Skills:
 + Level 4.1 Fighting
 + Level 2.3 Short Blades
 + Level 3.3 Armour
 + Level 3.4 Shields


You had one spell level left.
You didn't know any spells.
Your spell library contained the following spells:

 Spells                   Type           Power      Damage    Failure   Level
 Blade Hands              Tmut           0%         N/A       100%        5
 Irradiate                Conj/Tmut      0%         3d11      100%        5
 Dragon Form              Tmut           0%         N/A       100%        7


Dungeon Overview and Level Annotations

Branches:
Dungeon (2/15)

Altars:


Message History

The adder bites you. The adder closely misses you.
You block the adder's attack.
You see here a hobgoblin corpse.
The adder bites you.
You are poisoned.
The adder poisons you!
You hit the adder but do no damage.
You feel sick. The adder bites you but does no damage.
You miss the adder.
You feel sick. The adder bites you but does no damage.
You block the endoplasm's attack. The adder bites you.
The endoplasm freezes you.
You are frozen.
You hit the adder.
The adder is heavily wounded.
You feel sick. The adder bites you but does no damage.
The endoplasm closely misses you.
You hit the adder.
The adder is severely wounded.
You feel sick. The adder bites you but does no damage. The adder bites you.
* * * LOW HITPOINT WARNING * * *
The endoplasm barely misses you.
You barely miss the adder.
The adder is severely wounded.
You feel sick. You block the adder's attack.
The endoplasm hits you but does no damage.
You miss the adder.
The adder is severely wounded.
You feel sick.
You are no longer poisoned.
The adder misses you. The endoplasm freezes you.
You are frozen.
* * * LOW HITPOINT WARNING * * *
You block the adder's attack.
You hit the endoplasm.
The endoplasm is heavily wounded.
The adder bites you but does no damage. The endoplasm freezes you.
You are frozen.
You die...

.. .# ###.# .
#...###..
##=..#....
.........
#........ ##@.#
#SJ.# #
###...#.#.##
##?..........
#...<........
#.....#)..<..#
#........####..
#........# .
#........#


You could see an adder and an endoplasm.

Vanquished Creatures
  3 goblins (D:1)
  2 hobgoblins
  2 jackals (D:1)
  A ball python (D:1)
  A bat (D:1)
  A frilled lizard (D:1)
  3 kobolds (D:1)
  A rat (D:1)
14 creatures vanquished.

Notes
Turn   | Place    | Note
-------+----------+-------------------------------------------
     0 | D:1      | hello1 the Hill Orc Fighter began the quest for the Orb.
     0 | D:1      | Reached XP level 1. HP: 19/19 MP: 1/1
    95 | D:1      | Reached XP level 2. HP: 11/27 MP: 2/2
   168 | D:1      | Reached skill level 4 in Fighting
   231 | D:2      | Frozen to death by an endoplasm

Illustrated notes

Levels and vault maps discovered:
D:1:      dpeg_arrival_prison, layout_rooms
D:2:      layout_rooms, basic_altar, minmay_misc_feat_encased,
          minmay_pentomino_r4

Skill      XL: |  1  2 |
---------------+-------+-----
Fighting       | 4 |  4.1
Short Blades   | |  2.3
Armour         | |  3.3
Shields        | |  3.4

Action                     || total
---------------------------++-------
  Melee: Rapier            ||    62
    Use: Scroll            ||     1
 Armour: Scale mail        ||    50
  Dodge: Dodged            ||    61
  Block: Buckler           ||    32

Table legend: (Time is in decaauts)
 A = Elapsed time spent in this place.
 B = Non-inter-level travel time spent in this place.
 C = Inter-level travel time spent in this place.
 D = Time resting spent in this place.
 E = Time spent auto-exploring this place.
 F = Levels seen in this place.
 G = Mean time per level.
                   A        B        C        D        E       F      G
               +--------+--------+--------+--------+--------+-----+--------+
         Total |    238 |    124 |    114 |      0 |      0 |   2 |  119.0 |
       Dungeon |    238 |    124 |    114 |      0 |      0 |   2 |  119.0 |
               +--------+--------+--------+--------+--------+-----+--------+

Top non-repeatable levels by time:
     D:1: 221 daAuts
     D:2: 17 daAuts
